 Dungeon Crawl Stone Soup version 0.26-a0-610-g3e9335b (webtiles) character file.

Game seed: 5114886900884291444

34 B1Gdaddy5 the Sneak (level 3, -3/18 HPs)
             Began as a Spriggan Brigand on Sept 4, 2020.
             Slain by a worm (7 damage)
             ... on level 2 of the Dungeon.
             The game lasted 00:15:52 (1002 turns).

B1Gdaddy5 the Sneak (Spriggan Brigand)              Turns: 1002, Time: 00:15:52

Health: -3/18      AC:  3    Str:  7    XL:     3   Next: 14%
Magic:  4/4        EV: 17    Int: 12    God:
Gold:   35         SH:  0    Dex: 18    Spells: 2/2 levels left

rFire    . . .     SeeInvis +   a - +2 dagger
rCold    . . .     Faith    .   (shield restricted)
rNeg     + . .     Spirit   .   b - +0 robe
rPois    .         Reflect  .   (helmet restricted)
rElec    .         Harm     .   c - +0 cloak
rCorr    .                      (gloves unavailable)
MR       .....                  (boots unavailable)
Stlth    ++++......             (no amulet)
HPRegen  0.06/turn              g - ring of positive energy
MPRegen  0.09/turn              (no ring)

@: very quick
A: very small, unfitting armour, see invisible, speed 3
a: no special abilities


You were on level 2 of the Dungeon.
You visited 1 branch of the dungeon, and saw 2 of its levels.

You collected 35 gold pieces.

Inventory:

Hand Weapons
 a - a +2 dagger (weapon)
Missiles
 d - a poisoned dart (quivered)
Armour
 b - a +0 robe (worn)
 c - a +0 cloak (worn)
Jewellery
 g - a ring of positive energy (left hand)
Potions
 e - a potion of might {unknown}
 f - a potion of heal wounds {unknown}
 h - a potion of ambrosia {unknown}
 i - a potion of lignification {unknown}


   Skills:
 + Level 1.7 Fighting
 + Level 2.3 Short Blades
 + Level 2.7 Throwing
 + Level 2.0 Dodging
 + Level 6.5 Stealth


You had 2 spell levels left.
You didn't know any spells.
Your spell library was empty.

Dungeon Overview and Level Annotations

Branches:
Dungeon (2/15)

Altars:

Annotations:
D:2 Terence


Innate Abilities, Weirdness & Mutations

You are very small and have problems with some larger weapons.
You are too small for most types of armour.
You have supernaturally acute eyesight. (SInv)
You cover ground extremely quickly.


Message History

The worm is lightly wounded.
You hit the worm but do no damage.
The worm is lightly wounded.
You hit the worm but do no damage.
The worm is lightly wounded.
The worm bites you.
You completely miss the worm.
The worm is lightly wounded.
You barely miss the worm.
The worm is lightly wounded.
The worm bites you!
Ouch! That really hurt!
* * * LOW HITPOINT WARNING * * *
You barely miss the worm.
The worm is lightly wounded.
The worm looks more healthy.
You hit the worm.
The worm is moderately wounded.
The worm bites you!
You die...

### ###### #....[...#
...####....# #........#
...........####........
w....................#
.....................# .
.....................##..@
........†................#
w......<..(ww@......#
....................#
..(..(...†#.........#
..(.......#.†.......#
..........#.<.......#
....(..(..#.........#
.....(....#.........#
#####################


You could see a worm and a dart slug.

Vanquished Creatures
  2 oozes (D:1)
  6 bats (D:1)
  2 giant cockroaches (D:1)
  2 hobgoblins (D:1)
  7 kobolds
  A ball python (D:2)
  A goblin (D:1)
  6 rats
27 creatures vanquished.

Notes
Turn   | Place    | Note
-------+----------+-------------------------------------------
     0 | D:1      | B1Gdaddy5 the Spriggan Brigand began the quest for the Orb.
     0 | D:1      | Reached XP level 1. HP: 10/10 MP: 2/2
    23 | D:1      | Reached skill level 6 in Stealth
   102 | D:1      | Reached XP level 2. HP: 13/15 MP: 3/3
   805 | D:1      | Reached XP level 3. HP: 18/18 MP: 4/4
   988 | D:2      | Noticed Terence
  1002 | D:2      | Slain by a worm

Illustrated notes

Levels and vault maps discovered:
D:1:      dpeg_arrival_rooms_b, layout_rooms, lemuel_another_geyser
D:2:      layout_basic, overflow_temple_1_default, fedhas_altar_2, uniq_terence,
          uniq_sigmund

Skill      XL: |  1  2 |
---------------+-------+-----
Stealth        | 6 |  6.5
Dodging        | 2 |  2.0
Fighting       | |  1.7
Short Blades   | |  2.3
Throwing       | |  2.7

Action                   || total
-------------------------++-------
Melee: Dagger            ||    31
Throw: Dart              ||    42
Armor: Robe              ||    11
Dodge: Dodged            ||    53

Table legend: (Time is in decaauts)
 A = Elapsed time spent in this place.
 B = Non-inter-level travel time spent in this place.
 C = Inter-level travel time spent in this place.
 D = Time resting spent in this place.
 E = Time spent auto-exploring this place.
 F = Levels seen in this place.
 G = Mean time per level.
                   A        B        C        D        E       F      G
               +--------+--------+--------+--------+--------+-----+--------+
         Total |    727 |    706 |     21 |    181 |    124 |   2 |  363.5 |
       Dungeon |    727 |    706 |     21 |    181 |    124 |   2 |  363.5 |
               +--------+--------+--------+--------+--------+-----+--------+

Top non-repeatable levels by time:
     D:1: 680 daAuts
     D:2: 46 daAuts
